Map: Orbital Shipyard

Players

lesha

  • Race: Terran Terran

VellkyPie - Winner!

  • Race: Zerg Zerg

VOD

Have the link to the VOD?

Description

Time

  • Played on: Dec. 9, 2015, 9:48 a.m.
  • Length: 7:57
Show
View Real Time Build Order
Export as new Build Order

lesha Terran 

Build Orders:  

Get SALT Encoding   

  12  0:01  SCV  
  13  0:13  SCV  
  14  0:18  Supply Depot  
  14  0:25  SCV  
  15  0:40  SCV  
  15  0:42  Barracks  
  16  0:52  SCV  
  17  1:04  SCV  
  17  1:06  Refinery  
  18  1:26  Command Center  
  18  1:34  Orbital Command  
  18  1:46  Marine  
  19  1:49  Supply Depot  
  19  2:00  SCV  
  20  2:04  Refinery, Marine  
  21  2:12  SCV  
  22  2:23  Marine  
  22  2:28  SCV  
  24  2:34  Factory  
  24  2:40  SCV  
  24  2:41  Marine  
  26  2:45  Orbital Command  
  26  2:52  SCV  
  27  2:59  Barracks Tech Lab  
  27  3:10  SCV x2  
  29  3:22  SCV x2  
  29  3:24  Factory Reactor  
  29  3:25  Starport  
  31  3:29  Marauder  
  33  3:34  SCV x2  
  35  3:55  Barracks  
  35  4:10  Barracks  
  35  4:14  SCV x2  
  37  4:22  Refinery  
  37  4:26  SCV x2  
  37  4:30  Banshee  
  42  4:34  Cloaking Field  
  42  4:38  Barracks Reactor  
  42  4:47  SCV x2  
  42  4:50  Engineering Bay  
  44  4:54  Supply Depot x2  
  44  4:57  Supply Depot  
  44  4:58  Supply Depot  
  44  4:59  Barracks Reactor, SCV x2  
  46  5:04  Barracks Reactor  
  46  5:05  Barracks  
  46  5:15  Armory, Banshee  
  46  5:17  Engineering Bay  
  46  5:18  Command Center  
  49  5:31  Marine x2  
  51  5:37  Terran Infantry Weapons Level 1  
  51  5:41  SCV x2  
  53  5:53  SCV x2  
  53  5:54  Supply Depot  
  53  5:55  Supply Depot x2  
  55  5:59  Refinery  
  55  6:05  SCV x2  
  57  6:17  SCV  
  55  6:37  Marine x2  
  55  6:38  Barracks Reactor  
  54  7:13  Medivac x2  
  58  7:17  Marine x5  
  58  7:18  Marine  
  64  7:32  Barracks  
  64  7:33  Barracks  
  64  7:34  Barracks  
  64  7:35  Barracks  
  64  7:38  Barracks  
Show
View Real Time Build Order
Export as new Build Order

VellkyPie Zerg - Winner!

Build Orders: Hatch First 

Get SALT Encoding   

  12  0:01  Drone  
  13  0:10  Drone  
  14  0:17  Overlord  
  14  0:24  Extractor  
  14  0:25  Drone  
  15  0:43  Drone  
  15  0:44  Drone  
  17  0:54  Hatchery  
  16  0:58  Drone  
  16  1:02  Drone  
  18  1:16  Spawning Pool  
  18  1:17  Drone  
  18  1:23  Overlord  
  18  1:33  Drone  
  18  1:38  Extractor  
  18  1:40  Drone  
  19  1:54  Drone  
  19  1:58  Extractor  
  19  2:03  Queen  
  19  2:06  Queen  
  19  2:07  Drone  
  24  2:11  Drone  
  24  2:12  Drone  
  26  2:22  Drone  
  27  2:35  Drone x2  
  29  2:43  Zergling x6  
  32  2:59  Roach Warren  
  32  3:02  Drone x2  
  32  3:03  Drone  
  34  3:22  Drone x2  
  34  3:24  Extractor  
  34  3:25  Overlord x3  
  35  3:42  Evolution Chamber  
  35  3:44  Evolution Chamber  
  35  3:45  Lair  
  35  3:47  Zergling x4  
  35  3:48  Roach x2  
  39  3:56  Drone  
  40  4:04  Drone  
  40  4:05  Drone x4  
  40  4:09  Overlord  
  45  4:21  Zerg Missile Weapons Level 1  
  45  4:22  Zerg Ground Armor Level 1  
  45  4:33  Roach x3  
  51  4:42  Drone x4  
  55  4:49  Glial Reconstitution  
  55  5:12  Hatchery  
  54  5:15  Roach x5  
  64  5:26  Drone x4  
  68  5:38  Overlord x2  
  68  5:39  Overlord  
  68  5:58  Spore Crawler  
  68  6:01  Spore Crawler  
  66  6:07  Roach  
  66  6:08  Roach x5  
  74  6:32  Zergling x8  
  76  6:33  Roach  
  76  6:37  Ravager x2  
  76  6:38  Ravager x2  
  76  6:39  Ravager  
  83  6:44  Roach x5  
  83  6:45  Roach x2  
  97  6:54  Overlord x3  
  97  7:22  Spore Crawler  
  96  7:25  Drone  
  96  7:26  Drone x2  
  101  7:30  Ravager  
  101  7:31  Ravager x2  
Tags
 
Add a new tag
Caveats
  • Supply blocks, unpowered buildings, or Contaminate may cause inaccurate times.
  • Supply counts are checked every 10 seconds.